 Dungeon Crawl Stone Soup version 0.24-a0-29-g43a6aff (webtiles) character file.

Game seed: 10968742424394164995

4 Gorice the Sneak (level 1, 0/12 HPs)
             Began as a Deep Elf Wanderer on Feb 2, 2019.
             Slain by a gnoll
             ... wielding a cursed -3 whip
              (5 damage)
             ... on level 1 of the Dungeon.
             The game lasted 00:01:11 (131 turns).

Gorice the Sneak (Deep Elf Wanderer)                 Turns: 131, Time: 00:01:12

Health: 0/12       AC:  5    Str: 10    XL:     1   Next: 50%
Magic:  6/6        EV: 10    Int: 18    God:
Gold:   16         SH:  0    Dex: 11    Spells: 6/6 levels left

rFire    . . .     SeeInvis .   a - +2 short sword
rCold    . . .     Gourm    .   (no shield)
rNeg     . . .     Faith    .   j - +0 ring mail
rPois    .         Spirit   .   (no helmet)
rElec    .         Reflect  .   (no cloak)
rCorr    .         Harm     .   (no gloves)
MR       .....                  (no boots)
Stlth    ++........             (no amulet)
HPRegen  0.04/turn              (no ring)
MPRegen  0.10/turn              (no ring)

@: no status effects
A: no striking features
a: no special abilities


You were on level 1 of the Dungeon.
You were not hungry.

You visited 1 branch of the dungeon, and saw 1 of its levels.

You collected 16 gold pieces.

Inventory:

Hand Weapons
 a - a +2 short sword (weapon)
 e - a +0 dagger
Missiles
 Y - 4 stones (quivered)
Armour
 d - a +0 robe
 j - a +0 ring mail (worn)
Scrolls
 i - a scroll of identify {unknown}
Potions
 b - a potion of lignification {!q}
 c - a potion of curing
 g - a potion of berserk rage {unknown}
 h - a potion of haste {unknown}
Comestibles
 f - 2 rations


   Skills:
 + Level 1.4 Fighting
 - Level 1.0 Short Blades
 - Level 2.4 Dodging
 - Level 3.6 Stealth
 - Level 3.0 Spellcasting
   Level 1.3 Hexes


You had 6 spell levels left.
You didn't know any spells.
Your spell library was empty.

Dungeon Overview and Level Annotations

Branches:
Dungeon (1/15)

Altars:


Message History

You kill the kobold!
No target in view!
No target in view!
No target in view!
Y - 9 stones (gained 8)
You now have 16 gold pieces (gained 13).
A gnoll comes into view. It is wielding a -3 whip.
The gnoll shouts!
Throwing (i - inventory)
Y - 9 stones (quivered)
Press: ? - help, Shift-Dir - straight line, f - gnoll
Aim: a gnoll, wielding a -3 whip You throw a stone.
The stone hits the gnoll but does no damage.
Throwing (i - inventory)
Y - 8 stones (quivered)
Press: ? - help, Shift-Dir - straight line, f/p - gnoll
Aim: a gnoll, wielding a -3 whip You throw a stone.
The stone barely misses the gnoll.
Throwing (i - inventory)
Y - 7 stones (quivered)
Press: ? - help, Shift-Dir - straight line, f/p - gnoll
Aim: a gnoll, wielding a -3 whip You throw a stone.
The stone barely misses the gnoll.
Throwing (i - inventory)
Y - 6 stones (quivered)
Press: ? - help, Shift-Dir - straight line, f/p - gnoll
Aim: a gnoll, wielding a -3 whip You throw a stone.
The stone completely misses the gnoll.
Throwing (i - inventory)
Y - 5 stones (quivered)
Press: ? - help, Shift-Dir - straight line, f/p - gnoll
Aim: a gnoll, wielding a -3 whip You throw a stone.
The stone hits the gnoll but does no damage.
You hit the gnoll but do no damage. The gnoll closely misses you.
You hit the gnoll.
The gnoll is heavily wounded.
The gnoll hits you with a cursed -3 whip.
Damage: 1 (max 1)
You closely miss the gnoll.
The gnoll is heavily wounded.
The gnoll barely misses you.
You hit the gnoll.
The gnoll is almost dead.
The gnoll closely misses you.
You closely miss the gnoll.
The gnoll is almost dead.
The gnoll hits you with a cursed -3 whip.
Ouch! That really hurt!
Damage: 6 (max 6)
You hit the gnoll but do no damage.
The gnoll is almost dead.
The gnoll hits you with a cursed -3 whip.
You die...

.......# ##
.......############
#..................
#.(.....###########
+.(................
#...............###
+.(...........)...#
#.g..#..######.....
#.@..#..# #.....
#....#..# #.....
#....#..######.....
#..................
#####.)...#####.#.#
#.....# ...#
#..)..# .#..
#.....# ...#
##.....# ## #


You could see a gnoll.

Vanquished Creatures
  A giant cockroach (D:1)
  2 kobolds (D:1)
3 creatures vanquished.

Notes
Turn   | Place    | Note
-------+----------+-------------------------------------------
     0 | D:1      | Gorice the Deep Elf Wanderer began the quest for the Orb.
     0 | D:1      | Gorice set off with the following items: a +2 short sword,
                  | a potion of lignification {!q}, a potion of curing, a +0
                  | robe, a +0 dagger, a ration
     0 | D:1      | Reached XP level 1. HP: 12/12 MP: 6/6
   131 | D:1      | Slain by a gnoll

Vault maps used:
D:1:      psy_arrival_spokes

Action                   || total
-------------------------++-------
Melee: Short sword       ||    11
Throw: Stone             ||     5
Armor: Ring mail         ||     4
Dodge: Dodged            ||     4

Table legend:
 A = Non-vault XP
 B = Vault XP
 C = Vault XP percentage of total XP
 D = Non-vault monster count
 E = Vault monster count
 F = Vault count percentage of total count
                 A         B        C        D         E       F
            +---------+---------+-------+---------+---------+-------
      Total |       6 |       0 |   0.0 |       3 |       0 |   0.0
            +---------+---------+-------+---------+---------+-------
        D:1 |       6 |       0 |   0.0 |       3 |       0 |   0.0
            +---------+---------+-------+---------+---------+-------

Table legend:
 A = Turns spent in this place as a percentage of turns spent in the entire game.
 B = Non-inter-level travel turns spent in this place as a percentage of non-inter-level travel turns spent in the entire game.
 C = Inter-level travel turns spent in this place as a percentage of turns spent in this place.
 D = Turns resting spent in this place as a percentage of non-inter-level travel turns spent in this place.
 E = Turns spent auto-exploring this place as a percentage of non-inter-level travel turns spent in this place.
 F = Non-inter-level travel turns spent in this place divided by the number of levels of this place that you've seen.
                   A       B       C       D       E      F
               +-------+-------+-------+-------+-------+----------------------
         Total | 100.0 | 100.0 |   0.0 |   0.0 |  35.9 | 131.0
       Dungeon | 100.0 | 100.0 |   0.0 |   0.0 |  35.9 | 131.0
               +-------+-------+-------+-------+-------+----------------------

Vault maps used:
D:1:      psy_arrival_spokes
